Map: Blackburn LE

Players

jjockjebi

  • Race: Terran Terran
  • League: Diamond
  • Spawn Location: 5:00

Pumba - Winner!

  • Race: Protoss Protoss
  • League: Diamond
  • Spawn Location: 7:00

VOD

Have the link to the VOD?

Description

Time

  • Played on: March 15, 2022, 10:34 p.m.
  • Length: 9:24
Show
View Real Time Build Order
Export as new Build Order

jjockjebi Terran 

Build Orders: Mech 

Get SALT Encoding   

  12  0:00  SCV  
  13  0:12  SCV  
  14  0:17  Supply Depot  
  14  0:25  SCV  
  15  0:38  SCV  
  15  0:40  Barracks  
  16  0:44  Refinery  
  16  0:51  SCV  
  17  1:03  SCV  
  18  1:15  SCV  
  19  1:30  Barracks Reactor, Orbital Command  
  19  1:46  Command Center  
  19  1:54  Supply Depot  
  19  1:56  SCV  
  20  2:06  Marine  
  20  2:07  Marine  
  20  2:08  SCV  
  23  2:20  Factory  
  23  2:21  SCV  
  24  2:33  SCV  
  25  2:44  Command Center  
  25  2:47  SCV  
  25  2:48  Marine  
  27  2:51  Marine  
  27  2:57  Refinery  
  28  3:03  Orbital Command  
  28  3:08  SCV  
  29  3:14  Marine x2  
  31  3:23  Bunker  
  31  3:24  SCV  
  32  3:28  Widow Mine  
  32  3:31  SCV  
  35  3:37  SCV  
  36  3:43  SCV  
  36  3:47  Marine x2  
  39  3:49  SCV  
  41  3:55  SCV  
  41  3:58  Supply Depot  
  41  3:59  Orbital Command  
  41  4:02  Factory Tech Lab  
  41  4:08  SCV x2  
  43  4:10  Factory  
  43  4:17  Factory  
  43  4:20  SCV  
  43  4:21  Supply Depot  
  44  4:27  SCV x2  
  44  4:29  Engineering Bay  
  46  4:32  SCV  
  47  4:39  SCV  
  47  4:40  SCV  
  47  4:44  SCV  
  50  4:46  Cyclone  
  50  4:51  SCV  
  50  4:52  SCV  
  55  4:56  Refinery, SCV  
  55  4:58  Refinery  
  56  5:03  SCV  
  56  5:04  SCV  
  56  5:05  Supply Depot  
  58  5:13  Factory Tech Lab  
  58  5:14  Missile Turret  
  58  5:18  SCV x2  
  63  5:21  Siege Tank  
  63  5:22  Armory  
  63  5:24  SCV  
  64  5:30  SCV  
  64  5:31  Supply Depot  
  65  5:38  Siege Tank  
  70  5:42  Hellion  
  70  5:46  Hellion  
  72  5:51  SCV, Missile Turret  
  72  5:52  SCV  
  72  5:53  Siege Tank  
  77  6:05  SCV x3  
  77  6:10  Terran Vehicle Weapons Level 1, Armory, Siege Tank  
  83  6:11  Infernal Pre-Igniter  
  83  6:14  Hellion x2  
  87  6:25  Hellion  
  87  6:36  Hellion x2  
  87  6:38  Starport  
  91  6:45  Orbital Command  
  91  6:46  Supply Depot  
  91  6:47  Supply Depot  
  91  6:49  Siege Tank x2  
  97  6:57  Missile Turret  
  97  7:01  Bunker  
  97  7:02  Missile Turret  
  97  7:03  Missile Turret  
  97  7:06  Hellion x2  
  101  7:11  SCV  
  101  7:12  SCV x2  
  104  7:21  Siege Tank  
  107  7:23  SCV  
  107  7:24  SCV  
  107  7:27  Starport Tech Lab  
  107  7:29  Fusion Core  
  109  7:30  SCV  
  109  7:33  Missile Turret  
  109  7:35  Missile Turret  
  109  7:36  SCV x2  
  112  7:43  SCV  
  113  7:46  Supply Depot  
  113  7:48  SCV x2  
  115  7:55  SCV  
  115  7:58  Command Center, Missile Turret  
  116  8:00  Supply Depot, SCV x2  
  116  8:03  Supply Depot  
  118  8:07  Widow Mine x3  
  118  8:08  Widow Mine  
  126  8:18  Battlecruiser  
  132  8:22  SCV x3  
  132  8:23  Starport x2  
  132  8:24  Refinery  
  132  8:25  Refinery  
Show
View Real Time Build Order
Export as new Build Order

Pumba Protoss - Winner!

Build Orders: 1 Gate Expand, Blink Stalkers 

Get SALT Encoding   

  12  0:00  Probe  
  13  0:12  Probe  
  14  0:19  Pylon  
  14  0:25  Probe  
  15  0:37  Probe (Chrono Boost)  
  15  0:39  Gateway  
  16  0:46  Probe (Chrono Boost)  
  16  0:47  Assimilator  
  17  0:51  Probe (Chrono Boost)  
  18  1:03  Probe  
  19  1:15  Probe  
  20  1:23  Nexus  
  20  1:37  Cybernetics Core, Probe  
  21  1:48  Pylon  
  21  1:49  Probe  
  21  1:52  Assimilator  
  22  2:03  Probe  
  23  2:12  Adept (Chrono Boost)  
  23  2:15  Probe  
  26  2:16  Warp Gate  
  26  2:27  Probe  
  27  2:32  Twilight Council  
  27  2:33  Stalker (Chrono Boost)  
  29  2:41  Probe (Chrono Boost)  
  31  2:45  Probe (Chrono Boost)  
  31  2:50  Probe (Chrono Boost)  
  32  2:54  Probe (Chrono Boost)  
  32  2:55  Probe (Chrono Boost)  
  36  3:04  Probe  
  35  3:06  Gateway  
  35  3:07  Gateway  
  35  3:08  Probe  
  36  3:16  Probe  
  37  3:21  Forge  
  37  3:27  Pylon  
  37  3:29  Probe x2  
  37  3:32  Stalker  
  41  3:40  Blink (Chrono Boost)  
  41  3:41  Probe  
  42  3:46  Probe  
  43  3:48  Pylon  
  43  3:53  Probe  
  43  3:54  Protoss Ground Weapons Level 1 (Chrono Boost)  
  44  3:58  Probe  
  45  4:07  Nexus  
  45  4:11  Probe  
  45  4:12  Probe  
  47  4:19  Stalker x2  
  51  4:26  Stalker  
  53  4:32  Probe x2  
  55  4:42  Stalker x2  
  55  4:44  Probe  
  55  4:45  Probe  
  61  4:46  Pylon  
  61  4:48  Shield Battery  
  61  4:50  Shield Battery  
  61  4:59  Probe  
  62  5:04  Probe  
  62  5:05  Stalker x2  
  67  5:11  Probe  
  68  5:16  Probe  
  69  5:21  Probe  
  69  5:23  Probe  
  71  5:31  Gateway  
  71  5:33  Gateway  
  71  5:34  Charge  
  71  5:36  Gateway x2, Protoss Ground Armor Level 1 (Chrono Boost)  
  71  5:42  Gateway  
  71  5:44  Pylon  
  71  5:47  Probe x2  
  73  6:01  Shield Battery  
  73  6:02  Pylon  
  73  6:05  Pylon  
  73  6:07  Probe x3  
  73  6:10  Sentry  
  78  6:16  Nexus  
  78  6:20  Pylon  
  78  6:38  Probe x2  
  78  6:39  Robotics Facility  
  80  6:40  Zealot x8  
  96  6:50  Gateway  
  96  6:54  Gateway  
  96  7:01  Probe x2  
  98  7:03  Probe  
  98  7:04  Gateway  
  98  7:05  Gateway  
  99  7:12  Zealot x2  
  99  7:13  Zealot x3, Probe  
  110  7:16  Zealot x3  
  110  7:21  Pylon  
  116  7:24  Pylon  
  116  7:30  Warp Prism (Chrono Boost)  
  118  7:38  Zealot x3  
  118  7:39  Zealot x4  
  118  7:41  Pylon  
  132  7:44  Pylon  
  132  7:45  Zealot, Pylon x2  
  134  7:56  Zealot x2  
  138  8:06  Zealot x9  
  138  8:37  Warp Prism (Chrono Boost)  
  138  9:12  Zealot x8  
  138  9:13  Zealot x4  
Tags
 
Add a new tag
Caveats
  • Supply blocks, unpowered buildings, or Contaminate may cause inaccurate times.
  • Supply counts are checked every 10 seconds.